 Dungeon Crawl Stone Soup version 0.31.0-7-gf635a9b802 (console) character file.

Game seed: 16701381372111120488

660 paul the Chopper (level 7, -5/62 (74) HPs)
             Began as an Oni Gladiator on Jan 24, 2024.
             Slain by an orc warrior
             ... wielding a +0 short sword of draining
              (12 damage)
             ... on level 5 of the Dungeon.
             The game lasted 00:20:34 (4352 turns).

paul the Chopper (Oni Gladiator)                    Turns: 4352, Time: 00:20:34

HP:   -5/62 (74)    AC:  4    Str: 21    XL:     7   Next: 56%
MP:   7/7           EV: 10    Int:  9    God:
Gold: 302           SH:  0    Dex: 10    Spells: 6/6 levels left

rFire   + . .        a - +0 war axe
rCold   + . .        (no shield)
rNeg    . . .        b - +0 robe
rPois   +            c - +1 hat
rElec   +            (no cloak)
rCorr   +            (gloves unavailable)
SInv    .            (boots unavailable)
Will    .....        (no amulet)
Stlth   +            (no ring)
HPRegen 0.30/turn    (no ring)
MPRegen 0.10/turn

%: no passive effects
@: mighty, resistant, heavily drained
A: large, unfitting armour, horns 1, tough skin 1, double potion healing,
drunken brawling
a: no special abilities


You were on level 5 of the Dungeon.
You visited 1 branch of the dungeon, and saw 5 of its levels.

You collected 302 gold pieces.

Inventory:

Hand Weapons
 a - a +0 war axe (weapon)
Missiles
 d - 4 throwing nets
 e - a large rock
 n - 20 stones (quivered)
Armour
 b - a +0 robe (worn)
 c - a +1 hat (worn)
Jewellery
 k - a ring of fire
Talismans
 i - a flux talisman
Scrolls
 f - 3 scrolls of blinking
 g - a scroll of amnesia
 h - 3 scrolls of fog
 j - a scroll of immolation
 l - a scroll of teleportation
 m - a scroll of noise
 p - a scroll of revelation
 q - a scroll of fear


   Skills:
 + Level 5.8 Fighting
 + Level 7.5 Axes
 - Level 2.0 Throwing
 - Level 2.6 Dodging


You had 6 spell levels left.
You didn't know any spells.
Your spell library contained the following spells:

 Spells                   Type           Power      Damage    Failure   Level
 Mercury Vapours          Alch/Air       0%         N/A       52%         2
 Mephitic Cloud           Conj/Alch/Air  0%         N/A       77%         3
 Freezing Cloud           Conj/Ice/Air   0%         6-21      100%        5
 Iskenderun's Battlesphe  Conj           0%         2d6       100%        5
 Bombard                  Conj/Erth      0%         9d1       100%        6
 Spellforged Servitor     Conj/Summ      0%         N/A       100%        7


Dungeon Overview and Level Annotations

Branches:
Dungeon (5/15)             Temple (0/1) D:5

Altars:
Cheibriados
Fedhas
Gozag
Sif Muna


Innate Abilities, Weirdness & Mutations

You are too large for most types of armour.
You have a pair of small horns on your head.
You have tough skin. (AC +1)
You gain doubled healing and magic from potions.
Whenever you drink a healing potion, you attack all around you.


Message History

The orc warrior hits you with a +0 short sword of draining.
You feel drained.
The gnoll hits you from afar with a +0 spear!
You hit the orc warrior.
The orc warrior is lightly wounded.
The orc warrior hits you with a +0 short sword of draining!
You feel drained.
A hound comes into view.
The gnoll hits you from afar with a +0 spear.
You closely miss the orc warrior.
The orc warrior is lightly wounded.
The hound barks!
The orc warrior hits you with a +0 short sword of draining.
You feel drained.
The gnoll hits you from afar with a +0 spear.
You closely miss the orc warrior.
The orc warrior is lightly wounded.
The orc warrior hits you with a +0 short sword of draining.
You feel drained.
* * * LOW HITPOINT WARNING * * *
The gnoll barely misses you. The orc warrior barely misses you.
You barely miss the orc warrior.
The orc warrior is lightly wounded.
The gnoll hits you but does no damage. The orc warrior closely misses you.
You barely miss the orc warrior.
The orc warrior is lightly wounded.
The gnoll hits you from afar with a +0 spear.
* * * LOW HITPOINT WARNING * * *
The hound bites you.
* * * LOW HITPOINT WARNING * * *
The orc warrior hits you with a +0 short sword of draining.
* * * LOW HITPOINT WARNING * * *
You feel drained.
* * * LOW HITPOINT WARNING * * *
The gnoll barely misses you.
You closely miss the orc warrior. You headbutt the orc warrior!
The orc warrior is heavily wounded.
You slash the hound! The hound barely misses you.
The orc warrior hits you with a +0 short sword of draining!
You die...

.###.....# ###
.)......#
#...#.......#≈..###h≈#
.#.#.......+..#!.#h§+
..........+..#..#.[+
#.#.......#≈.###g$≈#
##.#.......# ..og..≈#
.###..........# ≈.g≈§
..............####§'#
####........[..##g.#
##....>.....h@og##
##............####
###..#..........#
....##.#........##
.#.###.##.....#..#
#..##.#########.#
##..#.##.....##.#
#...........##.#
#.<.........##.#
##....>.....<##.#
##.........#####.#


You could see an orc warrior, a hound and 2 gnolls.

Vanquished Creatures
  A black bear (D:4)
  2 scorpions
  2 bombardier beetles
  A gnoll bouda (D:5)
  A hound (D:5)
  A jelly (D:4)
  A sleepcap (D:5)
  An iguana (D:5)
  An orc wizard (D:3)
  9 adders
  5 gnolls
  A dart slug (D:1)
  2 orcs (D:3)
  4 endoplasms
  6 giant cockroaches
  8 goblins
  13 hobgoblins
  5 jackals
  2 quokkas
  7 ball pythons
  4 bats
  3 frilled lizards
  10 kobolds
  6 rats
96 creatures vanquished.

Notes
Turn   | Place    | Note
-------+----------+-------------------------------------------
     0 | D:1      | paul the Oni Gladiator began the quest for the Orb.
     0 | D:1      | Reached XP level 1. HP: 22/22 MP: 1/1
    49 | D:1      | Reached XP level 2. HP: 25/29 MP: 2/2
   511 | D:1      | Reached XP level 3. HP: 31/37 MP: 3/3
   576 | D:1      | Reached skill level 4 in Axes
  1241 | D:2      | Reached XP level 4. HP: 48/48 MP: 4/4
  1353 | D:2      | Reached skill level 5 in Axes
  1362 | D:2      | Reached XP level 5. HP: 29/54 MP: 5/5
  2315 | D:3      | Identified the +4 mace "Akuntat" {flame, rCorr}
  2458 | D:3      | Reached XP level 6. HP: 58/63 MP: 6/6
  2693 | D:4      | Found a shimmering blue altar of Sif Muna.
  2719 | D:4      | Reached skill level 6 in Axes
  2835 | D:4      | Found an opulent altar of Gozag.
  2925 | D:4      | Found a blossoming altar of Fedhas.
  2925 | D:4      | Found a snail-covered altar of Cheibriados.
  3071 | D:4      | Reached skill level 5 in Fighting
  3627 | D:4      | Noticed a black bear
  3639 | D:4      | Killed a black bear
  3640 | D:4      | Reached XP level 7. HP: 72/72 MP: 7/7
  3905 | D:5      | Entered Level 5 of the Dungeon
  3905 | D:5      | Found a staircase to the Ecumenical Temple.
  3921 | D:5      | Reached skill level 7 in Axes
  4352 | D:5      | Slain by an orc warrior

Illustrated notes

Levels and vault maps discovered:
D:1:      nicolae_arrival_washed_ashore, layout_loops_ring
D:2:      layout_loops_ring, dk_noncrumbling_2, minmay_split_cup_large
D:3:      layout_basic
D:4:      layout_loops_corners, led_sif_pool, gammafunk_temple_overflow_statue,
          nicolae_gozag_cash_rules_everything_around_me
D:5:      layout_rooms, nicolae_hepliaklqana_monster_ancestors,
          nicolae_wu_jian_glorious_leap, minmay_temple_entry_mini_moons,
          nicolae_stop_n_shop_1, kennysheep_generic_room_7

Skill      XL: |  1  2  3  4  5  6  7 |
---------------+----------------------+-----
Fighting       | 3 4 5 |  5.8
Axes           | 4 5 6 7 |  7.5
Throwing       | |  2.0
Dodging        | |  2.6

Action                     |  1- 3 |  4- 6 |  7- 9 || total
---------------------------+-------+-------+-------++-------
  Melee: War axe           |   104 |   134 |    43 ||   281
         Headbutt          |    16 |    21 |     5 ||    42
         Punch             |     1 |     2 |       ||     3
  Throw: Throwing net      |     1 |     1 |       ||     2
         Stone             |    15 |    28 |    15 ||    58
         Large rock        |       |     1 |       ||     1
    Use: Scroll            |     8 |     2 |       ||    10
         Potion            |       |     4 |     3 ||     7
 Armour: Robe              |    53 |    99 |    38 ||   190
  Dodge: Dodged            |    47 |    61 |    24 ||   132
